 Dungeon Crawl Stone Soup version 0.19.0-19-g8c6edcc (webtiles) character file.

4270 mmcf the Grappler (level 10, -5/100 HPs)
             Began as a Troll Venom Mage on Nov 13, 2016.
             Was an Elder of Okawaru.
             Splashed by a brown ugly thing's acid (9 damage)
             ... on level 9 of the Dungeon.
             The game lasted 00:22:04 (7877 turns).

mmcf the Grappler (Troll Venom Mage)                Turns: 7877, Time: 00:22:05

Health: -5/100     AC:  8    Str: 18    XL:     10   Next: 10%
Magic:  12/12      EV: 11    Int: 11    God:    Okawaru [****..]
Gold:   252        SH:  0    Dex: 13    Spells: 2 memorised, 8 levels left

rFire  . . .     SeeInvis .       - Unarmed
rCold  . . .     Gourm    +     B - +0 troll leather armour {Purgy}
rNeg   . . .     Faith    .     (no shield)
rPois  .         Spirit   .     (helmet restricted)
rElec  .         Reflect  .     J - +1 cloak
rCorr  .         Harm     .     (gloves unavailable)
MR     .....                    (boots unavailable)
Stlth  +.........               (no amulet)
                                (no ring)
                                L - +3 ring of protection

@: corroded
A: unfitting armour, claws 3, fast metabolism 3, gourmand, regeneration 1,
shaggy fur 1, tough skin 2
a: Heroism, Renounce Religion


You were on level 9 of the Dungeon.
You worshipped Okawaru.
Okawaru was greatly pleased with you.
You were not hungry.

You visited 2 branches of the dungeon, and saw 10 of its levels.

You collected 366 gold pieces.
You spent 114 gold pieces at shops.

Inventory:

Hand Weapons
 a - a +0 blowgun
 u - a +3 dire flail of protection
Missiles
 j - a throwing net
 p - 79 poisoned needles
 t - 8 needles of sleeping
 E - a large rock (quivered)
Armour
 B - a +0 troll leather armour (worn) {Purgy}
 J - a +1 cloak (worn)
 K - a +0 robe
Jewellery
 L - a +3 ring of protection (left claw)
Wands
 D - a wand of lightning (5/15)
 G - a wand of flame (17/48)
 O - a wand of flame (31/48)
Scrolls
 d - 5 scrolls of teleportation
 e - 3 scrolls of enchant weapon {unknown}
 g - a scroll of amnesia {unknown}
 i - 5 scrolls of random uselessness {unknown}
 r - a scroll of vulnerability {unknown}
 y - a scroll of enchant armour
 z - a scroll of fog
 A - a scroll of fear {unknown}
 C - a scroll of immolation {unknown}
 H - a scroll of blinking {unknown}
 M - a scroll of identify
 Q - 2 scrolls of magic mapping {unknown}
Potions
 f - 3 potions of curing
 h - 4 potions of lignification
 k - a potion of heal wounds
 l - a potion of might
 m - 3 potions of flight
 n - 2 potions of cure mutation
 o - 2 potions of resistance
 s - a potion of brilliance
 x - a potion of mutation
 F - a potion of agility
 S - a potion of magic {unknown}
Books
 b - a Young Poisoner's Handbook

   Spells                             Type                      Level
   a - Sting                          Conjuration/Poison           1
   b - Mephitic Cloud                 Conjuration/Poison/Air       3
   c - Olgreb's Toxic Radiance        Poison                       4
   d - Alistair's Intoxication        Transmutation/Poison         5
   e - Venom Bolt                     Conjuration/Poison           5
 q - a book of Minor Magic

   Spells                             Type                      Level
   a - Magic Dart                     Conjuration                  1
   b - Blink                          Translocation                2
   c - Call Imp                       Summoning                    2
   d - Repel Missiles                 Charms/Air                   2
   e - Slow                           Hexes                        2
   f - Conjure Flame                  Conjuration/Fire             3
   g - Mephitic Cloud                 Conjuration/Poison/Air       3
 I - a book of Maledictions

   Spells                             Type                      Level
   a - Corona                         Hexes                        1
   b - Ensorcelled Hibernation        Hexes/Ice                    2
   c - Confuse                        Hexes                        3
   d - Tukima's Dance                 Hexes                        3
   e - Dazzling Spray                 Conjuration/Hexes            3
 R - a book of Conjurations

   Spells                             Type                      Level
   a - Magic Dart                     Conjuration                  1
   b - Searing Ray                    Conjuration                  2
   c - Dazzling Spray                 Conjuration/Hexes            3
   d - Fulminant Prism                Conjuration/Hexes            4
   e - Iskenderun's Mystic Blast      Conjuration                  4
   f - Iskenderun's Battlesphere      Conjuration/Charms           5
Comestibles
 c - 4 bread rations
 v - 6 meat rations
 w - 3 slices of pizza
 N - a beef jerky


   Skills:
 + Level 6.6 Fighting
 + Level 2.1 Throwing
 + Level 2.2 Armour
 - Level 4.8 Dodging
 - Level 1.0 Stealth
 + Level 9.0 Unarmed Combat
 - Level 1.2 Spellcasting
 - Level 2.9 Poison Magic
 - Level 4.1 Invocations


You had 8 spell levels left.
You knew the following spells:

 Your Spells              Type           Power        Failure   Level  Hunger
a - Sting                 Conj/Pois      #...         24%         1    ##.....
b - Blink                 Tloc           N/A          67%         2    ###....


Dungeon Overview and Level Annotations

Branches:
Dungeon (9/15)             Temple (1/1) D:4
   Lair: D:8-11         Orc: D:9-12

Altars:
Dithmenos
Elyvilon
Fedhas
Gozag
Hepliaklqana
Kikubaaqudgha
Makhleb
Okawaru
Qazlal
Ru
Sif Muna
Uskayaw
Xom
Yredelemnul
Zin
The Shining One

Shops:
D:4 *


Innate Abilities, Weirdness & Mutations

You are too large for most types of armour.
You have claws for hands.
Your metabolism is lightning-fast.
You like to eat raw meat.
Your natural rate of healing is unusually fast.
You are covered in fur. (AC +1)
You have very tough skin. (AC +2)


Message History

You scratch the brown ugly thing but do no damage.
The brown ugly thing is heavily wounded.
The brown ugly thing gores you!
* * * LOW HITPOINT WARNING * * *
You are splashed with acid!
The acid burns!
* * * LOW HITPOINT WARNING * * *
You are too injured to fight recklessly!
You are too injured to fight recklessly!
You claw the brown ugly thing!
The brown ugly thing is severely wounded.
The brown ugly thing closely misses you.
Throwing (i - inventory. (,) - cycle):
E - 2 large rocks (quivered)
Press: ? - help, Shift-Dir - straight line, f - brown ugly thing
Aim: a brown ugly thing (severely wounded)
You throw a large rock.
The large rock closely misses the brown ugly thing.
The brown ugly thing gores you!
* * * LOW HITPOINT WARNING * * *
You are splashed with acid!
The acid burns!
You die...

.......(.......
...............
.......$.......
...............
...............
...............
.......u.......
.......@.......
.......<.......
###############


You could see a brown ugly thing.

Vanquished Creatures
  A cyclops (D:8)
  Prince Ribbit (D:8)
  A wyvern (D:8)
  Grum (D:7)
  A hungry ghost (D:8)
  Edmund (D:4)
  A water moccasin (D:7)
  A black bear (D:8)
  A sky beast (D:6)
  Purgy (D:4)
  3 ice beasts
  A phantom (D:8)
  2 orc warriors
  2 necrophages
  4 ogres
  3 wolves
  2 centaurs
  A big kobold (D:7)
  4 bullfrogs
  A scorpion (D:6)
  A howler monkey (D:8)
  3 crimson imps
  A centaur zombie (D:6)
  3 hounds
  A jelly (D:6)
  5 orc priests
  7 orc wizards
  3 iguanas
  A worker ant (D:8)
  A hound zombie (D:7)
  10 adders
  2 shadow imps (D:5)
  An ooze (D:7)
  An adder zombie (D:6)
  6 worms
  6 dart slugs
  5 leopard geckos
  19 orcs
  2 ball pythons
  4 giant cockroaches
  4 goblins
  13 hobgoblins
  10 jackals
  10 kobolds
  3 quokkas
  5 bats
  6 frilled lizards
  A leopard gecko skeleton (D:5)
  11 rats
178 creatures vanquished.

Notes
Turn   | Place    | Note
-------+----------+-------------------------------------------
     0 | D:1      | mmcf the Troll Venom Mage began the quest for the Orb.
     0 | D:1      | Reached XP level 1. HP: 16/16 MP: 1/1
    88 | D:1      | Reached skill level 1 in Unarmed Combat
   210 | D:1      | Reached XP level 2. HP: 24/24 MP: 2/2
   653 | D:1      | Reached skill level 1 in Fighting
   819 | D:1      | Reached skill level 2 in Unarmed Combat
   825 | D:1      | Reached XP level 3. HP: 33/33 MP: 3/3
  1120 | D:2      | Learned a level 2 spell: Blink
  1496 | D:2      | Reached XP level 4. HP: 40/41 MP: 4/4
  1620 | D:2      | Reached skill level 3 in Unarmed Combat
  2410 | D:3      | Noticed a necrophage
  2425 | D:3      | Killed a necrophage
  2425 | D:3      | Reached XP level 5. HP: 49/49 MP: 5/5
  2600 | D:3      | Reached skill level 4 in Unarmed Combat
  2602 | D:3      | Found a faded altar of an unknown god.
  2773 | D:4      | Found Liwatearchu's General Store.
  2786 | D:4      | Reached XP level 6. HP: 27/57 MP: 6/6
  2800 | D:4      | Bought a scroll of enchant armour for 90 gold pieces
  2800 | D:4      | Bought a scroll of fog for 24 gold pieces
  3357 | D:4      | Noticed Edmund
  3379 | D:4      | Killed Edmund
  3581 | D:5      | Entered Level 5 of the Dungeon
  3588 | D:5      | Noticed an orc warrior
  3612 | D:4      | Killed an orc warrior
  3612 | D:4      | Reached skill level 5 in Unarmed Combat
  3714 | D:4      | Noticed Purgy
  3730 | D:4      | Killed Purgy
  3730 | D:4      | Reached XP level 7. HP: 33/66 MP: 7/7
  3796 | D:4      | Found a white marble altar of Elyvilon.
  3953 | D:5      | Reached skill level 1 in Armour
  3953 | D:5      | Reached skill level 6 in Unarmed Combat
  4073 | D:4      | Found a staircase to the Ecumenical Temple.
  4082 | Temple   | Entered the Ecumenical Temple
  4313 | Temple   | Became a worshipper of Warmaster Okawaru
  4486 | D:4      | Found a basalt altar of Yredelemnul.
  4675 | D:5      | Found an ancient bone altar of Kikubaaqudgha.
  4680 | D:5      | Found a blossoming altar of Fedhas.
  4819 | D:5      | Reached skill level 1 in Invocations
  4918 | D:5      | Reached XP level 8. HP: 45/77 MP: 8/8
  5162 | D:5      | Reached * piety under Okawaru
  5345 | D:6      | Found a shimmering altar of Xom.
  5346 | D:6      | Found a burning altar of Makhleb.
  5474 | D:6      | Reached skill level 7 in Unarmed Combat
  5706 | D:6      | Reached ** piety under Okawaru
  5825 | D:6      | Reached skill level 5 in Fighting
  6100 | D:6      | Reached XP level 9. HP: 68/87 MP: 11/11
  6520 | D:8      | Noticed Prince Ribbit
  6534 | D:8      | Noticed Grum
  6547 | D:7      | Reached skill level 8 in Unarmed Combat
  6597 | D:7      | Killed Grum
  6814 | D:8      | Killed Prince Ribbit
  6814 | D:8      | Reached *** piety under Okawaru
  7464 | D:8      | Reached skill level 1 in Throwing
  7491 | D:8      | Noticed a cyclops
  7505 | D:8      | Killed a cyclops
  7614 | D:8      | Reached **** piety under Okawaru
  7614 | D:8      | Reached XP level 10. HP: 27/100 MP: 12/12
  7798 | D:9      | Reached skill level 9 in Unarmed Combat
  7866 | D:9      | Noticed a brown ugly thing
  7877 | D:9      | HP: 4/100 [brown ugly thing (12)]
  7877 | D:9      | Splashed by a brown ugly thing's acid

Skill      XL: |  1  2  3  4  5  6  7  8  9 10 |
---------------+-------------------------------+-----
Unarmed Combat | 1 2 3 4 5 6 7 8 9 |  9.0
Fighting       | 1 2 3 5 6 |  6.6
Dodging        | 2 3 4 |  4.8
Armour         | 1 2 |  2.2
Invocations    | 2 4 |  4.1
Throwing       | 1 2 |  2.1
Stealth        | |  1.0
Spellcasting   | |  1.2
Poison Magic   | |  2.9

Action                   |  1- 3 |  4- 6 |  7- 9 | 10-12 || total
-------------------------+-------+-------+-------+-------++-------
Melee: Unarmed           |   119 |   197 |   347 |    34 ||   697
       Punch             |       |     1 |    10 |     2 ||    13
 Fire: Blowgun           |       |       |     6 |       ||     6
Throw: Throwing net      |       |       |     2 |       ||     2
       Large rock        |       |       |       |     1 ||     1
  Use: Scroll            |       |     5 |     6 |       ||    11
       Potion            |       |       |     4 |       ||     4
 Stab: Sleeping          |       |     2 |     1 |       ||     3
       Held in net/web   |       |       |     1 |       ||     1
  Eat: Chunk             |    19 |    21 |    35 |     4 ||    79
Armor: Robe              |    47 |    66 |       |       ||   113
       Troll leather arm |       |       |   147 |     8 ||   155
Dodge: Dodged            |    70 |   109 |   200 |    15 ||   394
